 Dungeon Crawl Stone Soup version 0.25-a0-869-g05d4e06a41 (webtiles) character file.

Game seed: 285591017962236458, levelgen mode: deterministic

21344 Maedhros the Martial Artist (level 12, -1/81 HPs)
             Began as an Octopode Artificer on May 1, 2020.
             Was an Elder of Cheibriados.
             Slain by a komodo dragon (27 damage)
             ... on level 1 of the Lair of Beasts.
             The game lasted 01:01:54 (10016 turns).

Maedhros the Martial Artist (Octopode Artificer)   Turns: 10016, Time: 01:01:54

Health: -1/81      AC:  5    Str: 11 (20) XL:     12   Next: 89%
Magic:  2/26       EV: 19    Int: 24      God:    Cheibriados [****..]
Gold:   960        SH:  6    Dex: 22 (27) Spells: 2/21 levels left

rFire    . . .     SeeInvis +   C - +8 trident of the Octopus King {venom, rElec rPois MR+}
rCold    . . .     Gourm    .   y - +0 buckler
rNeg     . . .     Faith    .   (helmet restricted)
rPois    +         Spirit   .   (no amulet)
rElec    +         Reflect  .   z - ring of magical power
rCorr    .         Harm     .   D - ring of see invisible
MR       +....                  m - ring of flight
Stlth    ++++......             (no ring)
HPRegen  0.23/turn              (no ring)
MPRegen  0.20/turn              (no ring)
                                (no ring)
                                (no ring)

@: very slightly contaminated, very slow
A: almost no armour, stealthy swim, amphibious, 8 rings, constrict 8, icy blue
scales 1, thin metallic scales 1, camouflage 1, agile 1, deterioration 1, low mp
1, gelatinous body 1
a: Bend Time, Temporal Distortion, Slouch, Renounce Religion, Evoke Flight


You were on level 1 of the Lair of Beasts.
You worshipped Cheibriados.
Cheibriados was greatly pleased with you.
You were hungry.

You visited 4 branches of the dungeon, and saw 16 of its levels.
You also visited: Bailey and Gauntlet.

You collected 1086 gold pieces.
You spent 126 gold pieces at shops.

Inventory:

Hand Weapons
 c - a +0 trident
 j - the +8 glaive of the Guard {elec, +Rage AC+5 SInv}
   (You found it in a bailey)

   Occasionally, upon striking a foe, it will discharge some electrical energy
   and cause terrible harm.
   It affects your AC (+5).
   It lets you see invisible.
   It lets you go berserk.
 C - the +8 trident of the Octopus King (weapon) {venom, rElec rPois MR+}
   (You found it in a Gauntlet)

   It poisons the flesh of those it strikes.
   It insulates you from electricity.
   It protects you from poison.
   It affects your resistance to hostile enchantments.
Missiles
 e - 6 throwing nets
 x - 18 javelins
Armour
 l - a +0 kite shield
 y - a +0 buckler (worn)
 E - a +1 tower shield of resistance
Magical Staves
 k - an uncursed staff of conjuration
 B - an uncursed staff of death
 F - an uncursed staff of summoning
Jewellery
 m - a ring of flight (on tentacle)
 z - a ring of magical power (left tentacle)
 D - a ring of see invisible (right tentacle)
Wands
 b - a wand of flame (45)
 w - a wand of acid (6)
 A - a wand of polymorph (15)
 G - a wand of digging (4)
Scrolls
 h - 3 scrolls of noise {unknown}
 i - 4 scrolls of remove curse
 o - a scroll of brand weapon {unknown}
 p - 2 scrolls of immolation {unknown}
 q - 5 scrolls of enchant weapon
 r - 3 scrolls of enchant armour
 s - a scroll of teleportation
 t - a scroll of random uselessness {unknown}
 v - 3 scrolls of fog
 H - a scroll of holy word {unknown}
Potions
 a - a potion of stabbing
 d - a potion of mutation
 g - a potion of resistance
 n - 2 potions of flight (quivered)
 u - a potion of brilliance
Comestibles
 f - 17 rations


   Skills:
 - Level 7.0 Fighting
   Level 1.0 Short Blades
 - Level 7.2 Dodging
 - Level 4.0 Stealth
 - Level 4.0 Shields
 - Level 10.0 Unarmed Combat
 + Level 5.0 Spellcasting
 - Level 4.0 Hexes
 - Level 3.3 Summonings
 * Level 4.6 Transmutations
 - Level 3.0 Air Magic
 * Level 9.2 Earth Magic
 - Level 3.5 Poison Magic
 - Level 6.3 Invocations
 - Level 3.2 Evocations


You had 2 spell levels left.
You knew the following spells:

 Your Spells              Type           Power        Failure   Level  Hunger
a - Call Imp              Summ           ###.....     3%          2    None
b - Statue Form           Tmut/Erth      #####....    61%         6    #######
c - Mephitic Cloud        Conj/Pois/Air  ###.....     11%         3    ##.....
d - Tukima's Dance        Hex            ####....     4%          3    ##.....
e - Lee's Rapid Deconstr  Erth           ######....   5%          5    #####..

Your spell library contained the following spells:

 Spells                   Type           Power        Failure   Level  Hunger
 Corona                   Hex            ####...      1%          1    None
 Sandblast                Erth           ######       1%          1    None
 Passwall                 Tmut/Erth      #####...     1%          2    None
 Slow                     Hex            ####....     2%          2    None
 Ensorcelled Hibernation  Hex/Ice        ###...       6%          2    None
 Corpse Rot               Necr/Air       N/A          7%          2    None
 Foxfire                  Conj/Fire      #...         9%          1    None
 Magic Dart               Conj           #...         9%          1    None
 Blink                    Tloc           N/A          13%         2    None
 Sublimation of Blood     Necr           #.........   13%         2    None
 Confusing Touch          Hex            ####....     4%          3    ##.....
 Stone Arrow              Conj/Erth      ####..       4%          3    ##.....
 Petrify                  Tmut/Erth      #####...     4%          4    ####...
 Dazzling Flash           Conj/Hex       ###...       12%         3    ##.....
 Inner Flame              Hex/Fire       ###.....     12%         3    ##.....
 Conjure Flame            Conj/Fire      #.......     26%         3    ##.....
 Frozen Ramparts          Ice            #.....       26%         3    ##.....
 Ice Form                 Ice/Tmut       ###.....     34%         4    ####...
 Dispel Undead            Necr           #.......     65%         4    ####...
 Sticky Flame             Conj/Fire      #.......     65%         4    ####...
 Irradiate                Conj/Tmut      ###.......   67%         5    #####..
 Metabolic Englaciation   Hex/Ice        ###.......   71%         5    #####..
 Hydra Form               Tmut           ####......   90%         6    #######
 Agony                    Necr           #.......     94%         5    #####..
 Excruciating Wounds      Chrm/Necr      #.........   94%         5    #####..
 Fireball                 Conj/Fire      #.........   94%         5    #####..
 Dragon Form              Tmut           ####......   100%        7    #######


Dungeon Overview and Level Annotations

Branches:
Dungeon (13/15)            Temple (1/1) D:7            Lair (1/6) D:10
    Orc (1/2) D:10         Bailey (visited)         Gauntlet (visited)
 Vaults: D:13-14

Altars:
Ashenzari
Cheibriados
Fedhas
Gozag
Hepliaklqana
Kikubaaqudgha
Makhleb
Nemelex Xobeh
Qazlal
Ru
Sif Muna
Trog
Uskayaw
Vehumet
Xom
Yredelemnul
The Shining One

Shops:
D:9 %   D:10 *

Annotations:
D:3 3 runed translucent doors, Anaz's ghost, amateur DgAE
D:12 exclusion: 2 slime creatures


Innate Abilities, Weirdness & Mutations

You cannot wear most types of armour.
You are very stealthy in the water. (Stealth+)
You are amphibious.
You can wear up to eight rings at the same time.
You can use your tentacles to constrict eight enemies at once.
Your skin changes colour to match your surroundings (Stealth+).
Your rubbery body absorbs attacks. (AC +1, EV +1)
You are partially covered in icy blue scales. (AC +2)
You are partially covered in thin metallic scales. (AC +2)
You are agile. (Dex +2)
Your body sometimes deteriorates upon taking damage.
Your magical capacity is low. (-10% MP)


Message History

The komodo dragon is lightly wounded.
Attack whom?
Press: ? - help, Dir - move target cursor, f/p - komodo dragon
Aim: a komodo dragon (lightly wounded, very poisoned, confused)
You reach to attack!
You puncture the komodo dragon!
The komodo dragon looks as sick as possible!
The komodo dragon is moderately wounded.
Attack whom?
Press: ? - help, Dir - move target cursor, f/p - komodo dragon
Aim: a komodo dragon (moderately wounded, extremely poisoned, confused)
You reach to attack!
You barely miss the komodo dragon.
The komodo dragon is moderately wounded.
The komodo dragon misses you.
You puncture the komodo dragon!
The komodo dragon is heavily wounded.
The komodo dragon seems less confused.
The komodo dragon misses you.
You closely miss the komodo dragon.
The komodo dragon is heavily wounded.
The komodo dragon bites you!!
You die...

...................#
.......†...........#
............†.......
...(.....†..........
#
................#....
#....##..†.....P ..#.
#...†...##
##l†......#
#@#......##
.......##.....##
....... ......#
....... ###.....
.##.### ...... ...
.....# ... .... #.


You could see a komodo dragon.

Vanquished Creatures
  A minotaur (Gauntlet)
  Snorg (D:10)
  A death knight (D:11)
  2 tengu warriors (D:13)
  An unseen horror (D:11)
  2 phantasmal warriors (D:11)
  3 ugly things
  A worldbinder (Gauntlet)
  A black mamba (Lair:1)
  A steam dragon (D:9)
  3 spiny frogs (Lair:1)
  A troll (D:10)
  A hornet (D:9)
  Prince Ribbit (D:6)
  8 blink frogs (Lair:1)
  4 hippogriffs
  A spriggan (D:7)
  A wyvern (D:11)
  A shadow (D:12)
  5 flying skulls (Gauntlet)
  A dancing weapon (Orc:1)
  2 wraiths
  10 yaks
  A vampire (D:10)
  Eustachio (D:5)
  Menkaure (D:5)
  A naga (Bailey)
  3 water moccasins
  3 ice beasts
  2 sky beasts
  2 black bears
  5 orc warriors
  4 ogres
  A boggart (Gauntlet)
  3 necrophages
  6 centaurs
  2 crocodiles (Lair:1)
  A big kobold (D:13)
  9 bullfrogs
  3 gnoll sergeants (Bailey)
  4 scorpions
  A water moccasin skeleton (D:6)
  A wyvern skeleton (D:8)
  5 killer bees (D:10)
  4 wights (D:8)
  6 howler monkeys
  5 crimson imps
  A bullfrog zombie (D:10)
  3 jellies
  A quasit (D:10)
  5 centaur zombies
  4 hounds
  4 bullfrog skeletons
  2 centaur skeletons
  3 orc priests
  4 gnoll shamans (Bailey)
  2 iguanas
  Ijyb (D:4)
  4 orc wizards
  3 worker ants
  A hound zombie (D:8)
  2 hound skeletons (D:6)
  A worker ant zombie (D:9)
  28 gnolls
  12 adders
  A shadow imp (D:5)
  2 oozes (D:1)
  2 worms
  5 dart slugs (D:1)
  9 leopard geckos
  65 orcs
  7 giant cockroaches
  8 goblins
  5 hobgoblins
  4 jackals
  9 kobolds
  3 quokkas
  A ball python (D:1)
  10 bats
  5 frilled lizards
  4 quokka skeletons
  6 rats
354 creatures vanquished.

Vanquished Creatures (collateral kills)
  An ugly thing (D:11)
  A manticore (D:11)
  A yak (D:11)
  An ice beast (D:9)
  An orc warrior (D:11)
  An eye of draining (D:9)
  4 gnoll sergeants (Bailey)
  A centaur zombie (D:9)
  A jelly (D:10)
  5 gnolls
17 creatures vanquished.

Vanquished Creatures (others)
  A meliai (D:11)
  A freezing wraith (D:11)
  A yak (D:11)
  4 dancing weapons (Bailey)
  A gnoll sergeant (Bailey)
  A jelly (D:9)
  A gnoll shaman (Bailey)
  A hound (D:9)
  A giant cockroach (D:2)
12 creatures vanquished.

Grand Total: 383 creatures vanquished

Notes
Turn   | Place    | Note
-------+----------+-------------------------------------------
     0 | D:1      | Maedhros the Octopode Artificer began the quest for the
                  | Orb.
     0 | D:1      | Reached XP level 1. HP: 13/13 MP: 3/3
    40 | D:1      | Reached XP level 2. HP: 18/18 MP: 4/4
   222 | D:2      | Reached skill level 1 in Unarmed Combat
   222 | D:2      | Reached XP level 3. HP: 10/23 MP: 5/5
   423 | D:2      | Reached skill level 2 in Unarmed Combat
   506 | D:2      | Reached XP level 4. HP: 15/28 MP: 6/6
   578 | D:4      | Noticed Ijyb
   581 | D:4      | Killed Ijyb
   581 | D:4      | Reached skill level 3 in Unarmed Combat
   599 | D:4      | Found a shimmering altar of Xom.
   604 | D:4      | Became a worshipper of Xom of Unknown Intention
   611 | D:4      | Found a bloodstained altar of Trog.
   627 | D:4      | XOM: silly message
   633 | D:4      | Reached XP level 5. HP: 22/33 MP: 7/7
   738 | D:4      | Reached skill level 4 in Unarmed Combat
   752 | D:4      | XOM: silly message
   753 | D:4      | XOM: scenery: create altars
   781 | D:5      | Entered Level 5 of the Dungeon
   781 | D:5      | Noticed Menkaure
   784 | D:5      | Killed Menkaure
   784 | D:5      | Reached skill level 5 in Unarmed Combat
   784 | D:5      | Reached XP level 6. HP: 24/38 MP: 8/8
   794 | D:5      | Noticed a slave
   794 | D:5      | Noticed a slave
   928 | D:5      | Noticed a slave
   928 | D:5      | Noticed a slave
  1011 | D:6      | Found an opulent altar of Gozag.
  1011 | D:6      | XOM: 3-stop teleportation journey
  1014 | D:6      | XOM: cast spell 'Statue Form'
  1016 | D:6      | Noticed a sky beast
  1019 | D:6      | Noticed an orc warrior
  1020 | D:6      | Reached skill level 6 in Unarmed Combat
  1022 | D:6      | Killed a sky beast
  1022 | D:6      | Reached XP level 7. HP: 43/43 MP: 9/9
  1028 | D:6      | Reached skill level 7 in Unarmed Combat
  1061 | D:5      | Noticed Eustachio
  1072 | D:5      | Killed Eustachio
  1105 | D:5      | Reached skill level 8 in Unarmed Combat
  1171 | D:5      | Reached XP level 8. HP: 29/48 MP: 10/10
  1285 | D:6      | Noticed Prince Ribbit
  1436 | D:6      | Killed Prince Ribbit
  1467 | D:6      | XOM: 2-stop teleportation journey
  1484 | D:6      | XOM: torment (15/50 hp)
  1505 | D:6      | XOM: 4-stop teleportation journey
  1580 | D:6      | Reached skill level 9 in Unarmed Combat
  1750 | D:6      | XOM: silly message
  1751 | D:6      | Learned a level 2 spell: Call Imp
  1849 | D:7      | XOM: draining
  1860 | D:7      | Reached skill level 1 in Summonings
  1868 | D:7      | XOM: silly message
  1936 | D:7      | XOM: repel stairs
  1952 | D:7      | Found a radiant altar of Vehumet.
  1984 | D:7      | XOM: give mutations
  1984 | D:7      | Gained mutation: You are dopey. (Int -2) [Xom's mischief]
  1984 | D:7      | Gained mutation: Your body sometimes deteriorates upon
                  | taking damage. [Xom's mischief]
  2064 | D:7      | Reached XP level 9. HP: 50/57 MP: 11/11
  2138 | D:7      | XOM: summons 3 hostile shadow creatures
  2203 | D:7      | Found a staircase to the Ecumenical Temple.
  2249 | Temple   | Entered the Ecumenical Temple
  2257 | Temple   | XOM: give mutation
  2281 | Temple   | Fell from the grace of Xom
  2281 | Temple   | Became a worshipper of Cheibriados the Contemplative
  2352 | D:6      | XOM: summons 1 hostile shadow creature
  2543 | D:3      | Reached * piety under Cheibriados
  2630 | D:3      | Noticed Anaz's ghost (amateur DgAE)
  2681 | D:3      | Found a runed translucent gate.
  2681 | D:3      | Found a runed translucent gate.
  2681 | D:3      | Found a runed translucent gate.
  2933 | D:2      | XOM: give mutations
  2933 | D:2      | Gained mutation: You are partially covered in icy blue
                  | scales. (AC +2) [Xom's mischief]
  2933 | D:2      | Gained mutation: Your magical capacity is low. (-10% MP)
                  | [Xom's mischief]
  2933 | D:2      | Lost mutation: You are dopey. (Int -2) [Xom's mischief]
  2933 | D:2      | Gained mutation: Your body often deteriorates upon taking
                  | damage. [Xom's mischief]
  3015 | D:2      | Reached ** piety under Cheibriados
  3900 | D:4      | Found a glowing golden altar of the Shining One.
  4090 | D:7      | Found a sparkling altar of Nemelex Xobeh.
  4371 | D:8      | XOM: enchant monster (good)
  4376 | D:8      | Reached *** piety under Cheibriados
  4376 | D:8      | Reached skill level 5 in Dodging
  4415 | D:8      | Learned a level 3 spell: Stone Arrow
  4518 | D:9      | Reached skill level 1 in Earth Magic
  4567 | D:9      | Found a basalt altar of Yredelemnul.
  4570 | D:9      | XOM: 2-stop teleportation journey
  4581 | D:9      | Noticed a hornet
  4594 | D:9      | Reached skill level 1 in Spellcasting
  4598 | D:9      | Paralysed by a hornet for 1 turns
  4598 | D:9      | HP: 1/60 [hornet (10)]
  4603 | D:9      | Killed a hornet
  4603 | D:9      | Reached skill level 5 in Fighting
  4632 | D:9      | Reached XP level 10. HP: 20/66 MP: 4/11
  4716 | D:9      | Reached skill level 10 in Unarmed Combat
  4784 | D:9      | Killed a steam dragon
  4891 | D:9      | Found Caergh's Food Shoppe.
  4909 | D:9      | Reached **** piety under Cheibriados
  4993 | D:10     | Entered Level 10 of the Dungeon
  5043 | D:10     | Found a staircase to the Lair.
  5047 | D:10     | Noticed Snorg
  5063 | D:10     | Killed Snorg
  5063 | D:10     | Reached skill level 1 in Shields
  5249 | D:10     | Reached skill level 5 in Earth Magic
  5311 | D:10     | Found Sonaihan's General Store.
  5315 | D:10     | Bought a scroll of teleportation for 36 gold pieces
  5315 | D:10     | Bought a scroll of enchant armour for 90 gold pieces
  5340 | D:11     | Killed an unseen horror
  5340 | D:11     | Reached XP level 11. HP: 71/71 MP: 14/14
  5389 | D:11     | Killed a purple ugly thing
  5409 | D:11     | XOM: 2-stop teleportation journey
  5454 | D:11     | Learned a level 3 spell: Mephitic Cloud
  5481 | D:11     | XOM: enchant monster (bad)
  5487 | D:11     | Noticed a red ugly thing
  5498 | D:11     | Killed a red ugly thing
  5552 | D:11     | Noticed a phantasmal warrior
  5553 | D:11     | Noticed a phantasmal warrior
  5556 | D:11     | Noticed a death knight
  5561 | D:11     | XOM: give mutations
  5561 | D:11     | Gained mutation: You are weak. (Str -2) [Xom's mischief]
  5561 | D:11     | Gained mutation: You are dopey. (Int -2) [Xom's mischief]
  5561 | D:11     | Gained mutation: You are partially covered in thin metallic
                  | scales. (AC +2) [Xom's mischief]
  5590 | D:11     | Reached ***** piety under Cheibriados
  5621 | D:11     | Noticed a manticore
  5622 | D:11     | Noticed a cyan ugly thing
  5622 | D:11     | Reached skill level 1 in Poison Magic
  5631 | D:11     | Killed a manticore
  5631 | D:11     | Reached skill level 1 in Air Magic
  5633 | D:11     | Killed a cyan ugly thing
  5716 | D:11     | Learned a level 3 spell: Tukima's Dance
  5808 | D:11     | XOM: enchant monster (bad)
  5832 | D:11     | HP: 2/111 [death knight/+0 battleaxe (19)]
  5833 | D:11     | Killed a death knight
  5833 | D:11     | Reached skill level 1 in Hexes
  5833 | D:11     | Killed a phantasmal warrior
  5834 | D:11     | Killed a phantasmal warrior
  5834 | D:11     | Reached skill level 5 in Invocations
  5865 | D:11     | XOM: 2-stop teleportation journey
  5948 | D:11     | XOM: silly message
  6105 | D:12     | Found a flagged portal.
  6117 | Bailey   | Entered a bailey
  6139 | Bailey   | XOM: silly message
  6425 | Bailey   | XOM: noise
  6665 | Bailey   | XOM: chaos upgrade
  6839 | Bailey   | XOM: give mutations
  6839 | Bailey   | Gained mutation: You are clumsy. (Dex -2) [Xom's mischief]
  6839 | Bailey   | Lost mutation: You are weak. (Str -2) [Xom's mischief]
  6839 | Bailey   | Gained mutation: Scrolls take you a little longer to read.
                  | [Xom's mischief]
  7068 | D:13     | Noticed a cyclops
  7111 | D:13     | Learned a level 5 spell: Lee's Rapid Deconstruction
  7114 | D:13     | XOM: 2-stop teleportation journey
  7115 | D:13     | Noticed a tengu warrior
  7115 | D:13     | Lost mutation: You are clumsy. (Dex -2) [potion of
                  | mutation]
  7115 | D:13     | Lost mutation: Scrolls take you a little longer to read.
                  | [potion of mutation]
  7115 | D:13     | Lost mutation: Your body often deteriorates upon taking
                  | damage. [potion of mutation]
  7115 | D:13     | Lost mutation: You are dopey. (Int -2) [potion of mutation]
  7115 | D:13     | Gained mutation: You are agile. (Dex +2) [potion of
                  | mutation]
  7127 | D:13     | Killed a tengu warrior
  7131 | D:13     | Noticed a tengu warrior
  7143 | D:13     | Killed a tengu warrior
  7149 | D:13     | Found a gate leading to a gauntlet.
  7179 | Gauntlet | Entered a Gauntlet
  7179 | Gauntlet | Found a transporter.
  7179 | Gauntlet | Found a transporter.
  7181 | Gauntlet | Found a transporter.
  7181 | Gauntlet | Noticed a catoblepas
  7184 | Gauntlet | Found a transporter.
  7184 | Gauntlet | Found a transporter.
  7203 | Gauntlet | Found a transporter.
  7205 | Gauntlet | Found a transporter.
  7244 | Gauntlet | Found a transporter.
  7244 | Gauntlet | Noticed a worldbinder
  7246 | Gauntlet | Found a transporter.
  7246 | Gauntlet | Found a transporter.
  7248 | Gauntlet | Noticed a balrug
  7250 | Gauntlet | Found a runed translucent door.
  7260 | Gauntlet | Found a transporter.
  7277 | Gauntlet | Found a transporter.
  7279 | Gauntlet | Found a runed translucent door.
  7280 | Gauntlet | Noticed a reaper
  7284 | Gauntlet | Noticed a green death
  7287 | Gauntlet | Found a transporter.
  7289 | Gauntlet | Found the +8 trident of the Octopus King {venom, rElec
                  | rPois MR+}
  7301 | Gauntlet | Found a transporter.
  7385 | Gauntlet | Reached XP level 12. HP: 63/79 MP: 15/15
  7542 | Gauntlet | XOM: divination: detect creatures
  7716 | Gauntlet | Identified the +3 great mace of Iruataugh {venom, rN+ Str+4
                  | Int-4 Dex+4}
  7716 | Gauntlet | Noticed a minotaur
  7744 | Gauntlet | Killed a minotaur
  7762 | Gauntlet | Identified the Volume of Snow
  7901 | D:13     | XOM: noise
  8151 | D:12     | XOM: silly message
  8191 | D:12     | Learned a level 6 spell: Statue Form
  8302 | D:12     | Reached skill level 1 in Transmutations
  8345 | D:12     | Noticed a six-headed hydra
  8350 | D:12     | XOM: noise
  8808 | D:8      | XOM: enchant monster (bad)
  9054 | D:9      | Was forgiven by Xom
  9343 | D:10     | Found a staircase to the Orcish Mines.
  9392 | Orc:1    | Entered Level 1 of the Orcish Mines
  9663 | Lair:1   | Entered Level 1 of the Lair of Beasts
  9990 | Lair:1   | Reached skill level 5 in Spellcasting
 10016 | Lair:1   | Slain by a komodo dragon

Levels and vault maps discovered:
D:1:      grunt_arrival_crossed_arrows, layout_loops_cross
D:2:      layout_basic, st_stairs_13
D:3:      layout_rooms, gammafunk_ghost_icy
D:4:      layout_loops_corners, tso_oasis_becter, kennysheep_mini, first_ration,
          serial_glass, glass_columns_a, glass_columns_c, glass_columns_c,
          glass_columns_b, glass_columns_c, glass_columns_a, glass_columns_a,
          glass_columns_b, glass_columns_a, glass_columns_a, glass_columns_c,
          glass_columns_a, glass_columns_b, glass_columns_c, trog_book,
          uniq_ijyb
D:5:      layout_basic, uniq_eustachio, uniq_pikel, uniq_menkaure
D:6:      layout_basic, grunt_gozag_statues, uniq_prince_ribbit1
D:7:      layout_loops_cross, kennysheep_mini_moat, lemuel_crystal_altar,
          minmay_temple_entry_wispy, the_bakery
D:8:      layout_rooms, grunt_ministairs_4
D:9:      layout_loops_ring, yredelemnul_altar_generic, serial_shops, shop
D:10:     layout_loops_ring, lair_entry_dummy, hiddenorc2_lemuel, serial_shops,
          shop, minmay_misc_feat_nine_boxes, uniq_snorg
D:11:     layout_loops_corners
D:12:     layout_stronghold, enter_bailey_3, onia_ninara_dug_in_and_dangerous
D:13:     layout_rooms, gauntlet_entry_generic, lemuel_altar_in_water
Temple:   eino_temple_rhombus
Lair:1:   layout_layer_cave
Orc:1:    layout_caves, trog_hazing_becter

Skill      XL: |  1  2  3  4  5  6  7  8  9 10 11 12 |
---------------+-------------------------------------+-----
Stealth        | 2 4 |  4.0
Unarmed Combat | 1 2 3 5 6 8 9 10 | 10.0
Fighting       | 3 5 6 7 |  7.0
Dodging        | 4 5 6 7 |  7.2
Summonings     | 1 3 |  3.3
Earth Magic    | 2 5 6 9 |  9.2
Spellcasting   | 1 3 5 |  5.0
Shields        | 3 4 |  4.0
Invocations    | 3 5 6 |  6.3
Poison Magic   | 3 |  3.5
Air Magic      | 2 3 |  3.0
Hexes          | 3 4 |  4.0
Transmutations | 4 |  4.6
Short Blades   | |  1.0
Evocations     | |  3.2

Action                   |  1- 3 |  4- 6 |  7- 9 | 10-12 || total
-------------------------+-------+-------+-------+-------++-------
Melee: Short sword       |    32 |    13 |       |       ||    45
       Tentacles         |     6 |    11 |    77 |   124 ||   218
       Constrict         |    13 |     9 |    66 |    95 ||   183
       Unarmed           |       |    22 |   281 |   275 ||   578
       Punch             |       |       |    12 |    48 ||    60
       Trident           |       |       |       |   217 ||   217
Throw: Javelin           |       |       |       |     4 ||     4
 Cast: Call Imp          |       |       |       |    17 ||    17
       Tukima's Dance    |       |       |       |    14 ||    14
       Mephitic Cloud    |       |       |       |    24 ||    24
       Stone Arrow       |       |       |       |     3 ||     3
       Lee's Rapid Decon |       |       |       |     4 ||     4
Invok: Slouch            |       |       |       |    10 ||    10
       Temporal Distorti |       |       |       |     6 ||     6
Evoke: Wand              |     5 |    11 |    21 |    55 ||    92
  Use: Scroll            |       |       |     8 |    16 ||    24
       Potion            |       |       |     2 |    13 ||    15
 Stab: Sleeping          |     3 |     3 |    31 |    16 ||    53
       Paralysed         |       |       |    17 |    15 ||    32
       Petrified         |       |       |     3 |       ||     3
       Confused          |       |       |       |    11 ||    11
       Distracted        |       |       |       |     1 ||     1
  Eat: Chunk             |       |       |     8 |    13 ||    21
       Ration            |       |       |       |     2 ||     2
Armor: Skin              |     6 |     3 |    25 |    50 ||    84
Dodge: Dodged            |    13 |    21 |   182 |   386 ||   602
Block: Buckler           |       |       |       |   156 ||   156

Table legend:
 A = Non-vault XP
 B = Vault XP
 C = Vault XP percentage of total XP
 D = Non-vault monster count
 E = Vault monster count
 F = Vault count percentage of total count
                 A         B        C        D         E       F
            +---------+---------+-------+---------+---------+-------
      Total |   24106 |    6386 |  20.9 |     293 |      79 |  21.2
            +---------+---------+-------+---------+---------+-------
        D:1 |      66 |       0 |   0.0 |      28 |       0 |   0.0
        D:2 |      94 |      13 |  12.1 |      19 |       1 |   5.0
        D:3 |      52 |       0 |   0.0 |      21 |       0 |   0.0
        D:4 |     294 |      36 |  10.9 |      15 |       1 |   6.2
        D:5 |     552 |     368 |  40.0 |      25 |       2 |   7.4
        D:6 |     767 |     264 |  25.6 |      16 |       1 |   5.9
        D:7 |     478 |     224 |  31.9 |      14 |       1 |   6.7
        D:8 |     740 |     239 |  24.4 |      17 |       1 |   5.6
        D:9 |    1931 |       0 |   0.0 |      22 |       0 |   0.0
       D:10 |    2402 |    1401 |  36.8 |      19 |      32 |  62.7
       D:11 |    5495 |       0 |   0.0 |      32 |       0 |   0.0
       D:12 |    3247 |       7 |   0.2 |      27 |       4 |  12.9
       D:13 |    2987 |       0 |   0.0 |      16 |       0 |   0.0
     Lair:1 |    4999 |       0 |   0.0 |      21 |       0 |   0.0
      Orc:1 |       2 |       0 |   0.0 |       1 |       0 |   0.0
     Bailey |       0 |     967 | 100.0 |       0 |      28 | 100.0
   Gauntlet |       0 |    2867 | 100.0 |       0 |       8 | 100.0
            +---------+---------+-------+---------+---------+-------
